 Dungeon Crawl Stone Soup version 0.28.0-45-g0d030f2227 (webtiles) character file.

Game seed: 7433860341682542617

4495 psko the Thaumaturge (level 10, -1/46 HPs)
             Began as a Spriggan Conjurer on May 14, 2022.
             Was an Elder of Fedhas.
             Killed from afar by a steam dragon (22 damage)
             ... with a ball of steam
             ... on level 9 of the Dungeon.
             The game lasted 01:01:25 (17665 turns).

psko the Thaumaturge (Spriggan Conjurer)           Turns: 17665, Time: 01:01:27

Health: -1/46      AC:  4    Str:  3    XL:     10   Next: 16%
Magic:  23/25      EV: 23    Int: 24    God:    Fedhas [****..]
Gold:   310        SH:  5    Dex: 14    Spells: 15/29 levels left

rFire   . . .      SeeInvis +   O - +3 mace (freeze)
rCold   . . .      Faith    .   N - +0 buckler
rNeg    . . .      Spirit   .   i - +2 robe {Will+}
rPois   .          Reflect  .   (helmet restricted)
rElec   .          Harm     .   (no cloak)
rCorr   .          Rampage  .   (gloves unavailable)
Will    ++...                   (boots unavailable)
Stlth   +++.......              (no amulet)
HPRegen 0.15/turn               s - ring of flight
MPRegen 0.19/turn               B - +4 ring of evasion

@: flying, very quick
A: very small, no large weapons, unfitting armour, see invisible, speed 3
a: Renounce Religion, Wall of Briars, Grow Ballistomycete, Overgrow


You were on level 9 of the Dungeon.
You worshipped Fedhas.
Fedhas was greatly pleased with you.
You visited 2 branches of the dungeon, and saw 10 of its levels.
You also visited: Sewer.

You collected 350 gold pieces.
You spent 40 gold pieces at shops.

Inventory:

Hand Weapons
 c - a +1 vampiric whip
 f - a +0 dagger of draining
 j - a +2 dagger of venom
 o - a +0 dagger of electrocution
 x - a +1 whip of venom
 y - a +3 short sword
 z - a +4 falchion
 F - a +1 dagger of venom
 G - a +4 dagger
 H - a +3 scimitar of freezing
 K - a +2 falchion of holy wrath
 M - a +0 short sword of flaming
 O - a +3 mace of freezing (weapon)
Armour
 a - a +0 robe
 i - a +2 robe of willpower (worn)
 N - a +0 buckler (worn)
Jewellery
 s - a ring of flight (left hand)
 B - a +4 ring of evasion (right hand)
Wands
 k - a wand of iceblast (24)
 D - a wand of paralysis (10)
 I - a wand of charming (2)
Scrolls
 d - 2 scrolls of fog
 m - 7 scrolls of fear
 r - a scroll of torment
 t - 3 scrolls of teleportation
 u - a scroll of enchant weapon {unknown}
 v - a scroll of enchant armour {unknown}
 w - a scroll of immolation {unknown}
 C - a scroll of summoning {unknown}
 P - a scroll of magic mapping {unknown}
Potions
 b - 4 potions of curing
 e - a potion of haste
 g - 2 potions of attraction
 h - a potion of cancellation {unknown}
 l - 3 potions of heal wounds
 n - a potion of flight {unknown}
 p - a potion of magic {unknown}
 q - a potion of experience {unknown}
 A - a potion of resistance {unknown}
 E - a potion of degeneration {unknown}
 L - a potion of lignification {unknown}


   Skills:
 + Level 1.9 Fighting
 + Level 2.1(3.1) Short Blades
 + Level 2.5(2.8) Long Blades
 + Level 1.0 Maces & Flails
 + Level 6.9 Dodging
 + Level 5.9 Stealth
 + Level 10.4 Spellcasting
 + Level 7.8 Conjurations


You had 15 spell levels left.
You knew the following spells:

 Your Spells              Type           Power      Damage    Failure   Level
a - Magic Dart            Conj           100%       1d8       1%          1
b - Searing Ray           Conj           100%       2d8       1%          2
c - Conjure Flame         Conj/Fire      31%        6-21      6%          3
d - Sticky Flame          Conj/Fire      31%        2d5       22%         4
e - Dazzling Flash        Conj/Hex       62%        N/A       7%          3
f - Apportation           Tloc           24%        N/A       11%         1

Your spell library contained the following spells:

 Spells                   Type           Power      Damage    Failure   Level
 Fulminant Prism          Conj/Hex       15%        3d11      22%         4
 Iskenderun's Mystic Bla  Conj/Tloc      31%        2d8       22%         4
 Ignite Poison            Fire/Tmut/Pois 12%        N/A       32%         3
 Tukima's Dance           Hex            12%        N/A       32%         3
 Leda's Liquefaction      Hex/Erth       6%         N/A       73%         4
 Passage of Golubria      Tloc           12%        N/A       73%         4
 Alistair's Intoxication  Tmut/Pois      8%         N/A       97%         5
 Lee's Rapid Deconstruct  Erth           6%         3d7*      97%         5
 Yara's Violent Unravell  Hex/Tmut       6%         3d5       97%         5
 Statue Form              Tmut/Erth      8%         N/A       100%        6


Dungeon Overview and Level Annotations

Branches:
Dungeon (9/15)             Temple (1/1) D:7             Orc (0/2) D:9
  Sewer (visited)
   Lair: D:8-11

Altars:
Cheibriados
Dithmenos
Elyvilon
Fedhas
Gozag
Hepliaklqana
Kikubaaqudgha
Makhleb
Nemelex Xobeh
Okawaru
Qazlal
Ru
Sif Muna
Trog
Uskayaw
Vehumet
Wu Jian
Xom
Yredelemnul
Zin
The Shining One

Shops:
D:3 *   D:4 (:   D:8 (


Innate Abilities, Weirdness & Mutations

You are very small and have problems with some larger weapons.
You are too small for most types of armour.
You have supernaturally acute eyesight. (SInv)
You cover ground extremely quickly. (Speed+++)


Message History

Press: ? - help, Shift-Dir - straight line, f - steam dragon
Aim: a steam dragon (asleep, 100% to hit)
The magic dart hits the steam dragon but does no damage.
The steam dragon hisses angrily.
Casting: Magic Dart (safe; 1% risk of failure)
Confirm with . or Enter, or press ? or * to list all spells.
Aiming: Magic Dart (safe; 1% risk of failure)
Press: ? - help, Shift-Dir - straight line, f/p - steam dragon
Aim: a steam dragon (100% to hit)
The magic dart hits the steam dragon.
The steam dragon is lightly wounded.
Casting: Magic Dart (safe; 1% risk of failure)
Confirm with . or Enter, or press ? or * to list all spells.
Aiming: Magic Dart (safe; 1% risk of failure)
Press: ? - help, Shift-Dir - straight line, f/p - steam dragon
Aim: a steam dragon (lightly wounded, 100% to hit)
The magic dart hits the steam dragon.
The steam dragon is lightly wounded.
The steam dragon breathes steam at you. The ball of steam misses you.
Unknown command.
Casting: Magic Dart (safe; 1% risk of failure)
Confirm with . or Enter, or press ? or * to list all spells.
You can't see any susceptible monsters within range! (Use Z to cast anyway.) Unknown command.
You see here 16 stones.
You are engulfed in a cloud of scalding steam.
Found a staircase to the Orcish Mines.
You are engulfed in a cloud of scalding steam.
You barely miss the steam dragon.
The steam dragon is lightly wounded.
You are engulfed in a cloud of scalding steam.
The steam dragon barely misses you. The steam dragon closely misses you.
You closely miss the steam dragon.
The steam dragon is lightly wounded.
You are engulfed in a cloud of scalding steam.
The steam dragon breathes steam at you. The ball of steam hits you!!
You die...
Fedhas appreciates your contribution to the ecosystem.

#.. ... ..# #.# ## #.#
#># #.# ..#
#.#####.#####.##
#........(..@D.#
.##########.######......
......<.....# #####
#############


You could see a steam dragon (catching breath).

Vanquished Creatures
  A centaur zombie (D:5)
  Sigmund (D:2)
  A shadow (D:7)
  4 yaks (D:8)
  A basilisk (D:8)
  A steam dragon (D:8)
  A water moccasin (D:7)
  An ogre (D:7)
  A black bear (D:8)
  2 phantoms
  2 centaurs
  2 kobold brigands
  4 scorpions
  2 bullfrogs
  2 wyvern zombies (D:7)
  3 killer bees (D:7)
  6 electric eels
  11 wights
  A howler monkey (D:8)
  A bullfrog zombie (D:5)
  3 orc priests
  2 jellies
  3 bullfrog skeletons
  A centaur skeleton (D:7)
  2 iguanas
  5 orc wizards
  5 howler monkey zombies
  A howler monkey skeleton (D:7)
  15 adders
  5 river rats (Sewer)
  A shadow imp (D:5)
  2 white imps
  2 worms (D:3)
  4 dart slugs
  25 orcs
  8 ball pythons
  4 bats
  9 endoplasms
  6 giant cockroaches
  8 goblins
  6 hobgoblins
  13 jackals
  4 quokkas
  5 frilled lizards
  37 kobolds
  24 rats
248 creatures vanquished.

Vanquished Creatures (collateral kills)
  A kobold brigand (D:8)
1 creature vanquished.

Vanquished Creatures (others)
  12 plants (D:8)
12 creatures vanquished.

Grand Total: 261 creatures vanquished

Notes
Turn   | Place    | Note
-------+----------+-------------------------------------------
     0 | D:1      | psko the Spriggan Conjurer began the quest for the Orb.
     0 | D:1      | Reached XP level 1. HP: 9/9 MP: 5/5
   473 | D:1      | Reached XP level 2. HP: 13/13 MP: 4/6
   564 | D:1      | Found a faded altar of an unknown god.
   942 | D:1      | Reached XP level 3. HP: 16/16 MP: 0/8
  1133 | D:1      | Learned a level 2 spell: Searing Ray
  1137 | D:1      | Learned a level 3 spell: Conjure Flame
  1566 | D:2      | Noticed Sigmund
  1847 | D:2      | Reached XP level 4. HP: 14/21 MP: 4/9
  2498 | D:2      | Killed Sigmund
  2499 | D:2      | Reached skill level 4 in Spellcasting
  2499 | D:2      | Reached XP level 5. HP: 23/25 MP: 1/12
  3010 | D:3      | Found Jeadd's General Store.
  3031 | D:3      | Bought a scroll of identify for 20 gold pieces
  3031 | D:3      | Bought a scroll of identify for 20 gold pieces
  3246 | D:3      | Reached XP level 6. HP: 29/29 MP: 8/13
  4184 | D:4      | Reached skill level 1 in Maces & Flails
  4474 | D:4      | Reached skill level 5 in Spellcasting
  5401 | D:4      | Reached XP level 7. HP: 32/32 MP: 4/16
  5687 | D:4      | Found an opulent altar of Gozag.
  5740 | D:4      | Found Fahuupt's Book Emporium.
  5741 | D:4      | Found Vaomiq's Antique Weapon Boutique.
  6576 | D:4      | Reached skill level 6 in Spellcasting
  6576 | D:4      | Reached skill level 5 in Conjurations
  6808 | D:4      | Found a blossoming altar of Fedhas.
  6818 | D:4      | Became a worshipper of Fedhas Madash
  6827 | D:4      | Learned a level 4 spell: Sticky Flame
  6955 | D:5      | Entered Level 5 of the Dungeon
  7185 | D:5      | Found a glowing drain.
  7381 | Sewer    | Entered a sewer
  7405 | Sewer    | Reached skill level 1 in Fighting
  7770 | Sewer    | Reached * piety under Fedhas
  8208 | Sewer    | Reached skill level 7 in Spellcasting
  8395 | Sewer    | Reached ** piety under Fedhas
  8960 | D:5      | Reached XP level 8. HP: 31/37 MP: 5/20
  9628 | D:5      | Reached skill level 1 in Short Blades
  9628 | D:5      | Reached skill level 8 in Spellcasting
  9771 | D:5      | Reached skill level 5 in Dodging
  9888 | D:5      | Learned a level 3 spell: Dazzling Flash
 10151 | D:6      | Learned a level 1 spell: Apportation
 11220 | D:6      | Reached *** piety under Fedhas
 11773 | D:7      | Reached XP level 9. HP: 41/41 MP: 19/22
 11847 | D:7      | Found a basalt altar of Yredelemnul.
 11889 | D:7      | Found a hazy altar of Hepliaklqana.
 11898 | D:7      | Found a staircase to the Ecumenical Temple.
 11912 | Temple   | Entered the Ecumenical Temple
 12195 | D:7      | Found an ornate altar of the Wu Jian Council.
 12396 | D:7      | HP: 2/41 [electric eel/bolt of electricity (11)]
 12867 | D:7      | Reached skill level 9 in Spellcasting
 13046 | D:7      | Reached skill level 5 in Stealth
 13053 | D:7      | Found a shadowy altar of Dithmenos.
 13059 | D:7      | Reached skill level 1 in Long Blades
 15829 | D:8      | Reached skill level 10 in Spellcasting
 15939 | D:8      | Found the +4 dagger "Morg" {pain, Will+ Int+5}
 16166 | D:8      | Found a snail-covered altar of Cheibriados.
 16490 | D:8      | Reached **** piety under Fedhas
 16491 | D:8      | Reached XP level 10. HP: 31/46 MP: 8/25
 17084 | D:8      | Found Xemmeuso's Antique Weapon Boutique.
 17364 | D:8      | Found a sparkling altar of Nemelex Xobeh.
 17663 | D:9      | Found a staircase to the Orcish Mines.
 17665 | D:9      | Killed from afar by a steam dragon

Illustrated notes

Levels and vault maps discovered:
D:1:      nicolae_arrival_washed_ashore, layout_loops_ring,
          basic_ecumenical_altar, minmay_pentomino_v4
D:2:      layout_basic, minivault_25, uniq_sigmund
D:3:      minmay_recursive_quarters, layout_basic, serial_shops,
          nicolae_shop_advertising_works [nicolae_subvault_shop_adworks],
          serial_bayou_pond_d
D:4:      layout_loops_corners, nicolae_gozag_seed_capital, fedhas_altar_4,
          nicolae_wooded_promenade
D:5:      layout_basic, gup_sewer_entry_glass
D:6:      layout_rooms, chequers_arboretum, minivault_19
D:7:      layout_basic, mainiacjoe_overflow_catwalk_spiral,
          chequers_temple_overflow_statue_of_worship,
          minmay_temple_entry_drinking_statues, minmay_misc_feat_square,
          minmay_crystal_water, kennysheep_donut
D:8:      layout_basic, marbit_many_paths, lemuel_round_altar, serial_shops,
          nicolae_shop_hallway_plus, serial_bayou, serial_bayou_pond_b,
          serial_bayou_shore_b, serial_bayou_crossing, serial_bayou_shore_b,
          disabler_island
D:9:      layout_loops_ring, evilmike_ruin_ashenzari, orc_0_dummy, serial_shops,
          shop, uniq_psyche
Temple:   nicolae_temple_figure_eight

Skill      XL: |  1  2  3  4  5  6  7  8  9 |
---------------+----------------------------+-----
Conjurations   | 3 4 5 6 7 |  7.8
Dodging        | 3 4 5 6 |  6.9
Spellcasting   | 4 5 7 8 10 | 10.4
Maces & Flails | 1 |  1.0
Fighting       | 1 |  1.9
Stealth        | 4 5 |  5.9
Short Blades   | 1 2 |  2.1
Long Blades    | 2 |  2.5

Action                   |  1- 3 |  4- 6 |  7- 9 | 10-12 || total
-------------------------+-------+-------+-------+-------++-------
Melee: Whip              |    39 |       |       |       ||    39
       Punch             |     2 |       |     1 |       ||     3
       Dagger            |       |    11 |    14 |       ||    25
       Falchion          |       |       |    25 |     5 ||    30
       Scimitar          |       |       |    30 |       ||    30
       Mace              |       |       |       |     2 ||     2
 Cast: Magic Dart        |    87 |   107 |   203 |    37 ||   434
       Searing Ray       |     1 |    17 |   196 |    12 ||   226
       Conjure Flame     |     1 |       |       |       ||     1
Invok: Wall of Briars    |       |       |     1 |     1 ||     2
  Use: Scroll            |       |     3 |     4 |     1 ||     8
       Potion            |       |       |     1 |       ||     1
Armor: Robe              |     7 |     6 |    33 |       ||    46
Dodge: Dodged            |    59 |    28 |   200 |    12 ||   299
Block: Buckler           |       |       |       |     2 ||     2
